[Event "Grand Prix Romania 1st Stage 2024"]
[Site "Bucuresti"]
[Date "2024.03.23"]
[Round "4.18"]
[White "Moroni, Luca Jr"]
[Black "Manea, Alexandru"]
[Result "1-0"]
[ECO "B13"]
[WhiteElo "2580"]
[BlackElo "2287"]
[Annotator "TA"]
[PlyCount "83"]
[EventDate "2024.03.20"]
[EventType "swiss"]
[EventCountry "ROU"]
[SourceTitle "playchess.com"]
[Source "ChessBase"]
[SourceQuality "1"]
[TimeControl "900+5"]

1. d4 d5 2. Bf4 c5 3. e3 cxd4 4. exd4 Nc6 5. c3 Bf5 6. Nf3 e6 7. Qb3 Qd7 8. Nbd2 f6 9. Be2 g5 10. Be3 Bd6 11. h4 g4 12. Nh2 h5 13. Nhf1 Nge7 14. Ng3 Bg6 15. Bd1 Kf7 ({Black should play} 15... Qc7 {[%cal Of6f5] Threatens to win with ...f5!} 16. O-O O-O) 16. Bc2 $17 Qc7 17. Bxg6+ Nxg6 18. Ne2 {[%emt 0:00:03] [#]} b5 19. Qxb5 $15 Rab8 $36 {[%emt 0:00:02][%mdl 2048] Black has good play.} 20. Qa4 (20. Qd3 $11) 20... Rxb2 $17 21. Nb3 g3 22. f3 $2 (22. Bc1 $17 {is more resistant.} Rxe2+ 23. Kxe2) 22... Bf4 $19 23. Bg1 Qd6 24. Qa6 $2 (24. Nc5) 24... Rb8 25. Kf1 Bh6 {[%emt 0:00:46] Strongly threatening ...Rb6.} 26. Qd3 (26. Rh3 $142 Rb6 27. Qd3) 26... f5 27. Be3 Bxe3 28. Qxe3 Qa3 $2 (28... f4 $19 29. Qc1 Qa3) 29. Re1 $17 Re8 (29... Rxa2 $6 30. Nbc1 Ra1 31. Rh3 $11 (31. Nxg3 Nxd4 32. Nxh5 Qa6+ 33. Kg1 Ne2+ 34. Rxe2 Rh8 $11)) (29... Nce7 $17 {aiming for ...f4.} 30. f4 Qxa2 (30... Rxa2 31. Nc5 $11)) 30. Nbc1 $2 (30. Rh3 $11 Rxe2 (30... Qxa2 31. Nbc1 $18) 31. Rxe2 (31. Qxe2 Nf4 $11)) 30... Qd6 $2 (30... Nb4 $1 $19 31. Qh6 Rh8 (31... Nxa2 $2 32. Qh7+ Kf8 33. Qxg6 $18)) 31. f4 (31. Nd3 $16 Rxa2 32. Qh6) 31... Na5 $11 32. Nd3 Rxa2 33. Ne5+ Nxe5 34. fxe5 Qf8 {[%emt 0:00:01] White must now prevent ...Nc4.} 35. Qg5 $2 {[%emt 0:00:05] [#]} (35. Kg1 $15) 35... Qg7 $2 (35... Qh8 $1 $19 {Hoping for ...Rg8.} 36. Qc1 (36. Qxg3 Rg8 $11) (36. Nxg3 $2 Rg8 $19) 36... Nb3) 36. Qxh5+ $16 Qg6 {[%emt 0:00:25] [#]} (36... Ke7 $142) 37. Qxg6+ $1 (37. Nxg3 $6 Qxh5 38. Nxh5 Nb3 $11) 37... Kxg6 38. Rh3 $1 (38. Nxg3 $6 Nc4 $11) 38... f4 39. Nxf4+ $18 Kf5 40. Nh5 Nc4 $2 (40... Rh8 $18) 41. Ng7+ $2 (41. Rxg3 {mates} Nd2+ 42. Kg1 Ne4 43. Rg7 Rxg2+ 44. Kxg2 Re7 45. Rf1+ (45. Rxe7 Kg6 46. Rxe4 dxe4 47. Nf6 Kf5 48. Kg3 Kg6 49. Kf4 Kh6 50. Rh7+ Kg6 51. h5#) 45... Nf2 46. Rxf2+ (46. Rxe7 Ke4 47. Rxf2 Kd3 48. Rc7 Ke3 49. Nf4 a5 50. Rf7 Ke4 51. Re2#) 46... Ke4 47. Rg3 (47. Rxe7 Kd3 48. Rc7 Ke3 49. Nf4 a6 50. Rf7 Ke4 51. Re2#) 47... Rf7 48. Re2+ Kf5 49. Rg5#) 41... Kg4 $11 42. Nxe8 {[%emt 0:00:00][%mdl 32768] What a bad dream for Black.   Weighted Error Value: White=0.84/Black=0.82.  Loses game:     	White=3     	---        Missed win:     	White=1     	Black=2      Mistake:       	White=4     	Black=6      Inaccurate:     	White=4     	Black=2      OK:         	White=6     	Black=10     Best:        	White=3     	Black=5      Strong:       	White=2     	---       . Loss on time!?} 1-0

[Event "Grand Prix Romania 1st Stage 2024"]
[Site "Bucuresti"]
[Date "2024.03.23"]
[Round "4.19"]
[White "Baranciuc, Alexandr"]
[Black "Jianu, Vlad-Cristian"]
[Result "0-1"]
[ECO "B13"]
[WhiteElo "2336"]
[BlackElo "2491"]
[Annotator "RC"]
[PlyCount "110"]
[EventDate "2024.03.20"]
[EventType "swiss"]
[EventCountry "ROU"]
[SourceTitle "playchess.com"]
[Source "ChessBase"]
[SourceQuality "1"]
[TimeControl "900+5"]

1. e4 c6 2. d4 d5 3. exd5 cxd5 4. Bd3 Nc6 5. c3 Nf6 6. h3 e5 7. dxe5 Nxe5 8. Nf3 Nxd3+ 9. Qxd3 Bd6 10. O-O O-O 11. Bg5 h6 12. Bh4 g5 13. Bg3 Bxg3 14. fxg3 Re8 15. Nbd2 Ne4 16. Nd4 Qd6 17. Nxe4 Rxe4 18. Rae1 Rxe1 19. Rxe1 Bd7 20. Kf2 Rd8 21. Re3 a6 22. Nf3 Qb6 23. b3 Be6 24. Qd4 Qxd4 25. Nxd4 Rd6 26. Ke2 Kg7 27. Kd3 Kf6 28. g4 Rd8 29. Nc2 Ke7 30. Kd4 Kd6 31. Rf3 Rh8 32. Ne3 h5 33. gxh5 Rxh5 34. Nf5+ Kd7 35. Ke5 Rh8 36. Kf6 Rg8 37. Ng7 g4 38. hxg4 Bxg4 39. Re3 Be6 40. Re5 Rh8 41. Rh5 Rc8 42. Nxe6 fxe6 43. Ke5 Rxc3 44. Rh7+ Kc6 45. Kxe6 Rg3 46. Rh8 d4 47. Rc8+ Kb5 48. Rd8 d3 49. Ke5 Kb4 50. Ke4 Kc3 51. Rc8+ Kd2 52. Rd8 Ke2 53. Kf4 Rxg2 54. Re8+ Kd2 55. Re7 Kc1 0-1

[Event "Grand Prix Romania 1st Stage 2024"]
[Site "Bucuresti"]
[Date "2024.03.23"]
[Round "4.20"]
[White "Zubcu, Vlad-George"]
[Black "Zajic, Milan"]
[Result "0-1"]
[ECO "B06"]
[WhiteElo "2181"]
[BlackElo "2436"]
[Annotator "TA"]
[PlyCount "60"]
[EventDate "2024.03.20"]
[EventType "swiss"]
[EventCountry "ROU"]
[SourceTitle "playchess.com"]
[Source "ChessBase"]
[SourceQuality "1"]
[TimeControl "900+5"]

1. e4 g6 2. d4 Bg7 3. Nc3 a6 4. a4 d6 5. Nf3 Nd7 6. Bc4 e6 7. h4 h6 {[%emt 0:00:30] Against Bg5} 8. Bf4 {[%emt 0:01:34] White is slightly better.} b6 9. Qe2 Bb7 10. Bb3 Ne7 11. g4 Nf6 12. Rg1 (12. O-O-O $1 $14) 12... d5 (12... b5 $142) 13. exd5 (13. Be5 $5) 13... Nexd5 14. Be5 Nxc3 15. bxc3 Qe7 16. Nd2 Kf8 17. a5 b5 18. c4 bxc4 19. Bxc4 (19. Nxc4 Ne4 20. Nd2 Bxe5 21. dxe5 Nc5 $16) 19... Nd5 20. h5 {[%emt 0:02:39] Threatens to win with hxg6.} g5 21. Bb3 (21. Bxd5 $11 Bxd5 22. c4) 21... Nf4 $15 22. Bxf4 (22. Qe3 $17) 22... gxf4 $19 23. c3 c5 24. Rb1 cxd4 25. cxd4 Bxd4 {[%emt 0:00:08] [#] ...Rd8 is the strong threat.} 26. Nc4 $2 (26. Nf3 Rd8 27. Kf1) 26... Rd8 27. Kf1 Qh4 {[%emt 0:00:18] ( -> ...Qh3+)} 28. Qc2 Qh3+ {[%emt 0:00:10] Black mates.} 29. Ke1 Bc3+ {[%emt 0:00:10] This pair of bishops is nice.} 30. Ke2 Bf3# {[%emt 0:00:07] Weighted Error Value: White=0.92/Black=0.12 (very precise) .  Mistake:       	White=4     	Black=1      Inaccurate:     	White=5     	Black=3      OK:         	White=1     	Black=10     Best:        	---       	Black=1} 0-1

[Event "Grand Prix Romania 1st Stage 2024"]
[Site "Bucuresti"]
[Date "2024.03.23"]
[Round "4.21"]
[White "Mikhalevski, Victor"]
[Black "Sachilaru, Alexandru"]
[Result "1-0"]
[ECO "A11"]
[WhiteElo "2514"]
[BlackElo "2203"]
[Annotator "TA"]
[PlyCount "43"]
[EventDate "2024.03.20"]
[EventType "swiss"]
[EventCountry "ROU"]
[SourceTitle "playchess.com"]
[Source "ChessBase"]
[SourceQuality "1"]
[TimeControl "900+5"]

1. Nf3 Nf6 2. g3 g6 3. b3 Bg7 4. Bb2 O-O 5. Bg2 d5 6. c4 c6 7. O-O Bf5 8. d3 Na6 9. Nbd2 Rc8 10. h3 b5 {[%emt 0:02:01] White has an edge.} 11. Rc1 Qb6 12. Bd4 Qb7 (12... c5 $11 13. Be5 d4) 13. Qc2 Rfd8 14. Qb2 bxc4 15. dxc4 Be4 (15... Nc7 $11) 16. Nxe4 $16 dxe4 17. Ng5 c5 (17... Qd7 $142 18. Rcd1 e3) 18. Be5 {[%emt 0:00:25] White is more active.} Bh6 $2 {[%emt 0:01:05][%mdl 8192] [#] Loses the game.} (18... h6 $2 19. Nxe4 Qb6 20. Nc3) (18... Nb4 $16 {is a better chance.} 19. Nxe4 Qa6) 19. Bxf6 $18 {[%emt 0:01:10] White is clearly winning.} exf6 20. Nxe4 ({Not} 20. Qxf6 Bxg5 21. Qxg5 Re8 $16) (20. Bxe4 $2 Qe7 $19) 20... Bxc1 21. Nxf6+ ({Inferior is} 21. Qxc1 Qe7 $15) 21... Kg7 22. Nh5+ {[%emt 0:00:27] Weighted Error Value: White=0.14 (very precise) /Black=0.68.  Loses game:     	---       	Black=1      Mistake:       	---       	Black=3      Inaccurate:     	White=1     	Black=2      OK:         	White=4     	Black=1      Best:        	White=2     	---} (22. Qxc1 Qe7 23. Nd5 Qe5 $14) 1-0

[Event "Grand Prix Romania 1st Stage 2024"]
[Site "Bucuresti"]
[Date "2024.03.23"]
[Round "4.22"]
[White "Rozen, Eytan"]
[Black "Gulie, Cosmin"]
[Result "1-0"]
[ECO "D03"]
[WhiteElo "2487"]
[BlackElo "1987"]
[Annotator "TA"]
[PlyCount "55"]
[EventDate "2024.03.20"]
[EventType "swiss"]
[EventCountry "ROU"]
[SourceTitle "playchess.com"]
[Source "ChessBase"]
[SourceQuality "1"]
[TimeControl "900+5"]

1. d4 d5 2. Nf3 Nf6 3. c3 e6 4. Bg5 Be7 5. Nbd2 Nbd7 6. e3 O-O 7. Bd3 c5 8. Qe2 b6 9. h4 Bb7 10. Bf4 c4 11. Bc2 {[%emt 0:00:03] The position is equal.} b5 12. a3 Ne4 {[%emt 0:01:45] [#]} (12... a5 $11) 13. Ng5 (13. Nxe4 $1 $16 dxe4 14. Ng5) 13... Ndf6 (13... Nef6 $1 $11) 14. Ndxe4 $16 dxe4 15. Be5 Nd7 {[%emt 0:02:50] [#]} (15... h6 $14) 16. Nxe4 {[%emt 0:01:15] White is much more active.} (16. Bxe4 $6 Bxe4 17. Nxe4 Nxe5 18. dxe5 Qd5 $11 (18... Bxh4 $2 19. Qh5 $18)) (16. Qg4 $1 $16 {[%cal Og5e6] Black must now prevent Nxe6!} Nxe5 17. dxe5) 16... Nxe5 (16... f5 $1 $11 17. Nd2 Nxe5 (17... Bxg2 18. Rg1 $16) 18. dxe5 Bxg2) 17. dxe5 Bxe4 18. Bxe4 {[%emt 0:00:02] And now Rd1 would win.} Rc8 19. Qh5 $40 {[%emt 0:01:44][%csl Ge4][%cal Rh5h7][%mdl 128] White goes for the king.} g6 20. Qe2 Rc5 21. Rd1 Qc7 22. f4 Rd8 23. h5 Rxd1+ 24. Qxd1 Qd8 (24... Bf8 $16 25. Qg4 Qc8) 25. Qg4 $18 {[%emt 0:00:02][%cal Rh5g6] Hoping for hxg6.} Qf8 $2 (25... g5 26. h6 Qe8) 26. hxg6 fxg6 27. Qxe6+ (27. Rxh7 $142 Qg7 28. Rxg7+ Kxg7 29. Qxg6+ (29. Qxe6 Kf8 $18) 29... Kf8 30. Qh6+ (30. Qxe6 b4 31. axb4 Bh4+ 32. g3 Bxg3+ 33. Ke2 Rb5 34. Qf6+ Kg8) 30... Ke8 31. Qxe6 Kf8 32. Ke2) 27... Kg7 {[%emt 0:00:53] [#]} 28. Rxh7+ $3 {[%emt 0:00:02][%mdl 512] Weighted Error Value: White=0.21 (precise) /Black=0.94.  Mistake:       	White=3     	Black=6      Inaccurate:     	---       	Black=3      OK:         	White=8     	Black=3      Best:        	White=2     	---} 1-0

[Event "Grand Prix Romania 1st Stage 2024"]
[Site "Bucuresti"]
[Date "2024.03.23"]
[Round "4.23"]
[White "Grigore, George-Gabriel"]
[Black "Filip, Andrei"]
[Result "1/2-1/2"]
[ECO "E32"]
[WhiteElo "2423"]
[BlackElo "2289"]
[Annotator "RC"]
[PlyCount "70"]
[EventDate "2024.03.20"]
[EventType "swiss"]
[EventCountry "ROU"]
[SourceTitle "playchess.com"]
[Source "ChessBase"]
[SourceQuality "1"]
[TimeControl "900+5"]

1. d4 Nf6 2. c4 e6 3. Nc3 Bb4 4. Qc2 O-O 5. a3 Bxc3+ 6. Qxc3 b5 7. cxb5 c6 8. Bg5 cxb5 9. e3 Bb7 10. Nf3 h6 11. Bxf6 Qxf6 12. Be2 Rc8 13. Qd3 a6 14. O-O Nc6 15. Rfc1 Na5 16. Rc3 Qd8 17. Rac1 Nc4 18. Qc2 Nb6 19. Nd2 Rxc3 20. bxc3 Rc8 21. Qb3 Bd5 22. Qb4 Bc4 23. Nxc4 Nxc4 24. a4 Qg5 25. h4 Qxh4 26. axb5 axb5 27. Qxb5 d5 28. Bxc4 Rxc4 29. Qe8+ Kh7 30. Qxf7 Qe4 31. g3 Rc6 32. Qf4 Qd3 33. Kg2 Rxc3 34. Rxc3 Qxc3 35. Qf7 Qc6 1/2-1/2

[Event "Grand Prix Romania 1st Stage 2024"]
[Site "Bucuresti"]
[Date "2024.03.23"]
[Round "4.24"]
[White "Pisu, Robert-Daniel"]
[Black "Costachi, Mihnea"]
[Result "0-1"]
[ECO "A49"]
[WhiteElo "2154"]
[BlackElo "2470"]
[Annotator "TA"]
[PlyCount "86"]
[EventDate "2024.03.20"]
[EventType "swiss"]
[EventCountry "ROU"]
[SourceTitle "playchess.com"]
[Source "ChessBase"]
[SourceQuality "1"]
[TimeControl "900+5"]

1. d4 Nf6 2. Nf3 g6 3. g3 Bg7 4. Bg2 O-O 5. O-O d6 6. Re1 Nc6 7. e4 e5 8. c3 Re8 9. dxe5 Nxe5 10. Nxe5 dxe5 {[%emt 0:00:02] Die Stellung ist ausgeglichen.} 11. h3 Be6 12. Be3 Qe7 13. Qc2 h5 14. Nd2 Qf8 15. Nf3 Nd7 16. Rad1 Bh6 17. Ng5 {[%emt 0:00:18] Droht Nxe6 und aus.} Bxg5 18. Bxg5 f6 19. Be3 Red8 20. f4 Bf7 21. Rf1 Qe7 22. b3 a5 23. Qf2 Kg7 24. h4 a4 (24... b6 $14) 25. Bh3 ({Besser ist} 25. fxe5 $1 $16 Nxe5 26. Bc5) 25... exf4 26. gxf4 axb3 27. axb3 Bxb3 28. Rb1 (28. Rd4 $11) 28... Bc4 (28... Ra2 $17 29. Qg3 Bc2) 29. Rfd1 (29. Rfe1 $1 $15) 29... b5 (29... Ra2 $17 30. Qg3 Qxe4) 30. e5 f5 (30... fxe5 {wäre vielleicht verwirrender.} 31. f5 Nf6 32. Qg2 Rxd1+ 33. Rxd1 Rg8) 31. e6 Qxe6 ({Jedoch nicht} 31... Bxe6 32. Rxb5 Kg8 33. Qg3 $17) 32. Bd4+ Kh7 33. Re1 Qf7 34. Bg2 Ra2 35. Qg3 c5 $1 36. Qg5 {[%emt 0:00:01] [#]} Re8 37. Bf2 Ree2 $2 (37... Nf8 $19 {und Schwarz behält klar die Oberhand.} 38. Rxe8 Qxe8) 38. Rxe2 $17 Bxe2 (38... Rxe2 $17 39. Qd8 Re8) 39. Bc6 $2 {[%emt 0:00:06] [#]} (39. Qd8 $1 $11) 39... Nf6 $1 $19 40. Bxc5 Bd3 41. Bd4 $2 (41. Re1 Be4 42. Bxe4 Nxe4 43. Qd8) 41... Bxb1 42. Bxf6 Qb3 43. Bf3 Be4 {[%emt 0:00:17] Gewichteter Fehlerwert: Weiß=0.76/Schwarz=0.24 (präzise) .  Verlustzug:     	Weiß=1     	---        Gewinn verpasst:   	---       	Schwarz=1     Fehler:       	Weiß=5     	Schwarz=4     Ungenau:       	Weiß=3     	Schwarz=2     OK:         	Weiß=8     	Schwarz=8     Bester:       	Weiß=1     	Schwarz=2     Stark:        	---       	Schwarz=2} 0-1

[Event "Grand Prix Romania 1st Stage 2024"]
[Site "Bucuresti"]
[Date "2024.03.23"]
[Round "4.25"]
[White "Bulmaga, Irina"]
[Black "Cosma, Elena-Luminita"]
[Result "1-0"]
[ECO "C10"]
[WhiteElo "2429"]
[BlackElo "2238"]
[Annotator "TA"]
[PlyCount "57"]
[EventDate "2024.03.20"]
[EventType "swiss"]
[EventCountry "ROU"]
[SourceTitle "playchess.com"]
[Source "ChessBase"]
[SourceQuality "1"]
[TimeControl "900+5"]

1. e4 e6 2. d4 d5 3. Nc3 h6 4. a3 dxe4 5. Nxe4 Nf6 6. Nxf6+ Qxf6 7. Nf3 Bd6 8. Bd3 {[%emt 0:00:14] The position is equal.} Bd7 9. Qe2 Bc6 10. Bd2 Nd7 11. Be4 Bxe4 12. Qxe4 c6 13. O-O O-O 14. Rfe1 Rad8 15. c4 Bc7 16. b4 Rfe8 17. Bc3 Qf4 18. Qe2 Nf6 19. g3 Qf5 20. Kg2 b5 21. Ne5 ({White should try} 21. Rac1 $14) 21... Bxe5 $11 22. dxe5 Qd3 (22... Rd3 $1 $11) 23. Rac1 $36 {[%emt 0:00:19][%mdl 2048] Black is under pressure.} Qxe2 24. Rxe2 Nd7 {[%emt 0:00:11] [#]} 25. Bd4 $1 {[%emt 0:01:05] Black is weak on the dark squares} a6 26. cxb5 cxb5 27. Rec2 {[%emt 0:00:20] White is more active.} Nb8 $2 {[%emt 0:00:16][%mdl 8192] [#]} (27... Nf8 $14 28. Bb6 Ra8) 28. Bb6 $1 $18 Rd5 (28... Rd7 $142 29. Rc8 Rde7) 29. Rc8 {[%emt 0:00:10] Weighted Error Value: White=0.09 (flawless) /Black=0.33.  Loses game:     	---       	Black=1      Mistake:       	White=1     	Black=2      Inaccurate:     	White=1     	Black=1      OK:         	White=8     	Black=10     Best:        	White=1     	---        Strong:       	White=2     	---} 1-0

[Event "Grand Prix Romania 1st Stage 2024"]
[Site "Bucuresti"]
[Date "2024.03.23"]
[Round "4.26"]
[White "Magold, Filip"]
[Black "Mozes, Ervin"]
[Result "1-0"]
[ECO "B01"]
[WhiteElo "2403"]
[BlackElo "1975"]
[Annotator "TA"]
[PlyCount "87"]
[EventDate "2024.03.20"]
[EventType "swiss"]
[EventCountry "ROU"]
[SourceTitle "playchess.com"]
[Source "ChessBase"]
[SourceQuality "1"]
[TimeControl "900+5"]

1. e4 d5 2. exd5 Qxd5 3. Nf3 Nf6 4. Nc3 Qd6 5. Bc4 a6 6. a4 ({White should play} 6. d4 $14) 6... Bf5 7. O-O h6 (7... e6 $11) 8. b3 {[%emt 0:00:24] White is slightly better.} e6 9. Ba3 Qd8 10. Bxf8 Rxf8 11. d4 {[%emt 0:00:08] d5 is the strong threat.} c6 12. Re1 Nd5 13. Bxd5 cxd5 14. Ne5 Nc6 15. Nxc6 bxc6 16. a5 Ke7 17. Qd2 Qd6 18. Na4 Rfb8 19. Nc5 Kf8 20. Re3 Kg8 21. Rae1 Rb5 22. b4 Kh8 23. c3 Qc7 24. Re5 Qd8 25. h3 Ra7 26. Qf4 Rb8 27. g4 Bg6 28. Qg3 {[%emt 0:00:04] White is much more active.} Raa8 29. f4 Bh7 30. Kh2 Be4 (30... Ra7 $16 {was necessary.} 31. h4 Rba8) 31. Nxe4 dxe4 32. R1xe4 ({Don't do} 32. R5xe4 Rb5 33. Qf3 Qd7) 32... Rc8 33. Rc5 Qf6 (33... Rab8 $142 34. Qf3 Rb5) 34. f5 exf5 35. Rxf5 Qg6 36. Qe3 Qd6+ 37. Kg2 f6 (37... Rc7 38. Rfe5 Kh7) 38. Re6 $18 Qd7 39. Re7 Qd6 40. c4 $2 (40. Qe6 $18 {and White stays clearly on top.} Qxe6 41. Rxe6) 40... Qxb4 {[%emt 0:00:08] [#] A mistake that costs the game.} (40... Rc7 $16 41. Re8+ Rxe8 42. Qxe8+ Kh7) 41. Rxf6 $3 Qxc4 {[%emt 0:00:39] [#]} (41... Qxe7 42. Qxe7) 42. Rxh6+ $1 {[%emt 0:02:54][%mdl 512] White mates.} Kg8 {[#]} 43. Rxg7+ $3 Kxg7 44. Qg5+ {[%emt 0:00:00] Weighted Error Value: White=0.20 (precise) /Black=0.48.  Loses game:     	---       	Black=1      Missed win:     	White=1     	---        Mistake:       	---       	Black=4      Inaccurate:     	White=1     	Black=5      OK:         	White=16    	Black=10     Best:        	White=1     	---        Brilliant:      	White=1     	---} 1-0

[Event "Grand Prix Romania 1st Stage 2024"]
[Site "Bucuresti"]
[Date "2024.03.23"]
[Round "4.27"]
[White "Filev, Georgi"]
[Black "Tusu, Nicolae-Dan"]
[Result "1-0"]
[ECO "B84"]
[WhiteElo "2210"]
[BlackElo "1896"]
[Annotator "RC"]
[PlyCount "61"]
[EventDate "2024.03.20"]
[EventType "swiss"]
[EventCountry "ROU"]
[SourceTitle "playchess.com"]
[Source "ChessBase"]
[SourceQuality "1"]
[TimeControl "900+5"]

1. e4 c5 2. Nf3 e6 3. d4 cxd4 4. Nxd4 Nf6 5. Nc3 d6 6. Be2 Nc6 7. Be3 Be7 8. O-O a6 9. f4 Qc7 10. Qe1 Bd7 11. Kh1 Na5 12. Rd1 b5 13. a3 Rc8 14. Qg3 g6 15. e5 Nd5 16. Nxd5 exd5 17. Bf3 Be6 18. Nxe6 fxe6 19. Bg4 Qd7 20. exd6 Qxd6 21. Bd4 Rf8 22. Rde1 Rxc2 23. Rxe6 Qc7 24. Rfe1 Rf7 25. Bb6 Qb7 26. Bxa5 Kf8 27. Rxe7 Rxe7 28. Bb4 Rcc7 29. Qh4 d4 30. Qxh7 d3 31. Be6 1-0

[Event "Grand Prix Romania 1st Stage 2024"]
[Site "Bucuresti"]
[Date "2024.03.23"]
[Round "4.28"]
[White "Antonica, Dragos-Andrei"]
[Black "Rosca, Mario-Andrei"]
[Result "1-0"]
[ECO "A50"]
[WhiteElo "2366"]
[BlackElo "1817"]
[Annotator "RC"]
[PlyCount "48"]
[EventDate "2024.03.20"]
[EventType "swiss"]
[EventCountry "ROU"]
[SourceTitle "playchess.com"]
[Source "ChessBase"]
[SourceQuality "1"]
[TimeControl "900+5"]

1. c4 b6 2. Nc3 Bb7 3. d4 Nf6 4. Qc2 d5 5. cxd5 Nxd5 6. e4 Nxc3 7. bxc3 g6 8. Nf3 Bg7 9. Bb5+ c6 10. Bd3 Nd7 11. O-O O-O 12. Be3 Qc7 13. Rad1 Rac8 14. Qd2 c5 15. Bf4 e5 16. Bg3 Rfe8 17. d5 f5 18. exf5 Bxd5 19. Bb5 Bxf3 20. gxf3 Rcd8 21. Bxd7 Rf8 22. Be6+ Kh8 23. Qg5 gxf5 24. Bxf5 Rde8 1-0

[Event "Grand Prix Romania 1st Stage 2024"]
[Site "Bucuresti"]
[Date "2024.03.23"]
[Round "4.29"]
[White "Dragomirescu, Angela"]
[Black "Serban, Cristian-Stefan"]
[Result "0-1"]
[ECO "A07"]
[WhiteElo "2111"]
[BlackElo "2309"]
[Annotator "RC"]
[PlyCount "144"]
[EventDate "2024.03.20"]
[EventType "swiss"]
[EventCountry "ROU"]
[SourceTitle "playchess.com"]
[Source "ChessBase"]
[SourceQuality "1"]
[TimeControl "900+5"]

1. Nf3 d5 2. g3 Nf6 3. Bg2 c6 4. O-O Bg4 5. d3 Nbd7 6. Nbd2 e5 7. e4 dxe4 8. dxe4 h6 9. h3 Be6 10. Qe2 Bc5 11. b3 Qc7 12. Bb2 O-O 13. Nc4 Bxc4 14. Qxc4 Rfe8 15. Rad1 b5 16. Qe2 a5 17. Nh4 a4 18. Bc3 Kh7 19. Nf5 g6 20. Ne3 Bb6 21. Rd2 Nc5 22. Ng4 Nxg4 23. Qxg4 Ne6 24. Rfd1 axb3 25. axb3 Rad8 26. h4 h5 27. Qf3 Bd4 28. Bh3 Bxc3 29. Rxd8 Rxd8 30. Rxd8 Nxd8 31. Qxc3 Qd6 32. b4 Kg8 33. Kg2 Kf8 34. Kg1 Ke7 35. Bf1 Ne6 36. Qd3 Qxb4 37. c3 Qd6 38. Qe3 Nc5 39. Be2 Na4 40. Qa7+ Qd7 41. Qe3 Qd6 42. Qa7+ Kf6 43. Qe3 Kg7 44. Kg2 Qc5 45. Qxc5 Nxc5 46. Kf3 Na4 47. c4 b4 48. Bd1 Nb6 49. Bb3 Kf6 50. Ke3 Ke7 51. Kd3 c5 52. Ke3 Nd7 53. Ba4 Nf8 54. f4 Kf6 55. Be8 Ke7 56. Ba4 Ne6 57. fxe5 Nd4 58. Kd3 Nf3 59. Ke3 Nxe5 60. Bb3 Nc6 61. Ba4 Nd4 62. Kd3 f6 63. Bd1 Ke6 64. g4 hxg4 65. Bxg4+ Ke5 66. Bd1 Kf4 67. h5 gxh5 68. Bxh5 Nc6 69. Bd1 Ne5+ 70. Kc2 Nxc4 71. Kb3 Ne3 72. Be2 Kxe4 0-1

[Event "Grand Prix Romania 1st Stage 2024"]
[Site "Bucuresti"]
[Date "2024.03.23"]
[Round "4.31"]
[White "Petrescu, Georgian-Dorin"]
[Black "Nastore, Pavel-Alexandru"]
[Result "1-0"]
[ECO "D02"]
[WhiteElo "2064"]
[BlackElo "2182"]
[Annotator "RC"]
[PlyCount "67"]
[EventDate "2024.03.20"]
[EventType "swiss"]
[EventCountry "ROU"]
[SourceTitle "playchess.com"]
[Source "ChessBase"]
[SourceQuality "1"]
[TimeControl "900+5"]

1. d4 Nf6 2. Nf3 e6 3. Bg5 d5 4. c3 Be7 5. Nbd2 b6 6. Ne5 Bb7 7. e3 a6 8. Bd3 c5 9. f4 O-O 10. O-O Ne4 11. Bxe7 Qxe7 12. Bxe4 dxe4 13. Qh5 f6 14. Ng4 g6 15. Qh4 Qg7 16. Nh6+ Kh8 17. g4 Nd7 18. Kh1 e5 19. dxe5 fxe5 20. g5 exf4 21. Rxf4 Ne5 22. Rf6 Nd7 23. Raf1 Nxf6 24. gxf6 Qd7 25. f7 Qd8 26. Qf4 Qe7 27. Nc4 Rad8 28. Ne5 Rd5 29. Nhg4 Bc8 30. Qh6 Rxe5 31. Nxe5 Qd6 32. Rf6 Qd1+ 33. Kg2 Qe2+ 34. Rf2 1-0

[Event "Grand Prix Romania 1st Stage 2024"]
[Site "Bucuresti"]
[Date "2024.03.23"]
[Round "4.32"]
[White "Bernadskiy, Vitaliy"]
[Black "Vasile, Matei"]
[Result "1-0"]
[ECO "B31"]
[WhiteElo "2573"]
[BlackElo "1803"]
[Annotator "TA"]
[PlyCount "60"]
[EventDate "2024.03.20"]
[EventType "swiss"]
[EventCountry "ROU"]
[SourceTitle "playchess.com"]
[Source "ChessBase"]
[SourceQuality "1"]
[TimeControl "900+5"]

1. e4 c5 2. Nf3 Nc6 3. Bb5 g6 4. O-O Bg7 5. Re1 Nf6 6. c3 O-O 7. h3 Ne8 8. d4 cxd4 9. cxd4 Nc7 10. Bf1 {[%emt 0:00:07] White is slightly better.} d6 11. Nc3 Bd7 ({Black should play} 11... d5 $14) 12. Bg5 Re8 13. Qd2 {[%emt 0:00:02] White is more active.} Ne6 (13... f6 $142) 14. Be3 $16 {[%emt 0:00:03] [#] d5 is the strong threat.} Nb4 15. d5 Nc5 16. e5 Qc7 (16... Rc8 $16 {might work better.} 17. Rad1 a5 (17... dxe5 $2 {is the wrong capture.} 18. Bxc5 Rxc5 19. Ne4 $18)) 17. Nb5 Qb6 (17... Qa5) 18. Qxb4 $18 a6 {[%emt 0:00:01] [#]} 19. Qh4 $1 Bxb5 20. b4 dxe5 21. bxc5 Qd8 22. Rad1 Bxf1 23. Kxf1 Qa5 24. Kg1 Qxa2 25. d6 exd6 26. cxd6 Red8 27. d7 f6 28. Bb6 Qb3 29. Bxd8 Rxd8 30. Nxe5 Qa4 {[%emt 0:00:23] White took control after the opening.   Weighted Error Value: White=0.06 (flawless) /Black=0.56.  Mistake:       	---       	Black=4      Inaccurate:     	White=1     	Black=2      OK:         	White=8     	Black=4      Best:        	White=2     	---} 1-0